 Dungeon Crawl Stone Soup version 0.26-a0-18-g135ff06667 (webtiles) character file.

Game seed: 7362842503656081989, levelgen mode: deterministic

88 Mrkan the Chopper (level 4, -6/41 HPs)
             Began as a Hill Orc Monk on May 25, 2020.
             Was a Believer of Elyvilon.
             Killed from afar by a gargoyle (16 damage)
             ... with a stone arrow
             ... on level 5 of the Dungeon.
             The game lasted 00:02:47 (2700 turns).

Mrkan the Chopper (Hill Orc Monk)                   Turns: 2700, Time: 00:02:48

Health: -6/41      AC:  9    Str: 14    XL:     4   Next: 54%
Magic:  3/4        EV:  6    Int: 10    God:    Elyvilon [**....]
Gold:   123        SH:  3    Dex: 13    Spells: 3/3 levels left

rFire    . . .     SeeInvis .   a - +0 hand axe
rCold    . . .     Gourm    .   o - +0 buckler
rNeg     . . .     Faith    .   j - +0 chain mail
rPois    .         Spirit   .   (no helmet)
rElec    .         Reflect  .   (no cloak)
rCorr    .         Harm     .   f - +0 pair of gloves
MR       .....                  (no boots)
Stlth    ..........             (no amulet)
HPRegen  0.13/turn              (no ring)
MPRegen  0.09/turn              (no ring)

@: no status effects
A: no striking features
a: Lesser Healing, Heal Other, Divine Protection, Renounce Religion


You were on level 5 of the Dungeon.
You worshipped Elyvilon.
Elyvilon was pleased with you.
You were hungry.

You visited 1 branch of the dungeon, and saw 5 of its levels.

You collected 123 gold pieces.

Inventory:

Hand Weapons
 a - a +0 hand axe (weapon)
Armour
 f - a +0 pair of gloves (worn)
 j - a +0 chain mail (worn)
 o - a +0 buckler (worn)
Scrolls
 d - a scroll of identify {unknown}
 e - 2 scrolls of enchant armour {unknown}
 g - 2 scrolls of fog {unknown}
 h - 2 scrolls of remove curse {unknown}
 k - a scroll of fear {unknown}
Potions
 b - 2 potions of flight {unknown}
 i - a potion of haste {unknown}
 l - a potion of resistance {unknown}
 m - a potion of invisibility {unknown}
Comestibles
 c - 4 rations


   Skills:
 - Level 4.5 Fighting
 - Level 5.9 Axes
 - Level 0.3 Armour
 - Level 2.4 Dodging
 - Level 1.5 Stealth
 + Level 0.7 Shields


You had 3 spell levels left.
You didn't know any spells.
Your spell library was empty.

Dungeon Overview and Level Annotations

Branches:
Dungeon (6/15)
 Temple: D:4-7

Altars:
Elyvilon
Sif Muna


Message History

You hit the adder.
The adder is severely wounded.
The adder bites you. You block the adder's attack.
You miss the adder.
The adder is severely wounded.
The adder bites you but does no damage.
You hit the adder.
The adder is severely wounded.
The adder bites you but does no damage.
You hit the adder.
You kill the adder!
The gargoyle hurls a stone arrow at you.
The stone arrow hits you!
The gargoyle hurls a stone arrow at you.
The stone arrow hits you!!
* * * LOW HITPOINT WARNING * * *
You are healed.
You feel somewhat more hungry.
The gargoyle hurls a stone arrow at you.
The stone arrow hits you!
You die...

#.#.........# +#
#.###.......# .# ..
#...'.......###.###..
#####......).........
#................
#................
####.#..#9.......
####+#..#........
.......9#@###+###
........#.#
........#[#
..........# # .
........###.#...#
..............#
........###...#
...###..# .[# ...
#... ...


You could see a gargoyle.

Vanquished Creatures
  A hound skeleton (D:2)
  2 adders (D:5)
  2 worms (D:2)
  A dart slug (D:1)
  2 leopard geckos
  An orc (D:3)
  A ball python (D:2)
  3 giant cockroaches
  8 goblins
  3 hobgoblins (D:1)
  6 jackals
  3 kobolds
  5 bats
  4 rats
42 creatures vanquished.

Notes
Turn   | Place    | Note
-------+----------+-------------------------------------------
     0 | D:1      | Mrkan the Hill Orc Monk began the quest for the Orb.
     0 | D:1      | Reached XP level 1. HP: 19/19 MP: 1/1
   236 | D:1      | Reached XP level 2. HP: 24/27 MP: 2/2
  1078 | D:1      | Reached skill level 5 in Axes
  1084 | D:1      | Reached XP level 3. HP: 32/33 MP: 3/3
  2028 | D:2      | Found a shimmering blue altar of Sif Muna.
  2075 | D:2      | Reached XP level 4. HP: 33/41 MP: 4/4
  2278 | D:2      | Found a white marble altar of Elyvilon.
  2287 | D:2      | Became a worshipper of Elyvilon the Healer
  2287 | D:2      | Reached * piety under Elyvilon
  2287 | D:2      | Reached ** piety under Elyvilon
  2490 | D:3      | You fall into a shaft and drop 3 floors!
  2508 | D:5      | Entered Level 5 of the Dungeon
  2680 | D:5      | Noticed a gargoyle
  2700 | D:5      | Killed from afar by a gargoyle

Illustrated notes

Levels and vault maps discovered:
D:1:      ncdulo_lavacross, layout_basic
D:2:      layout_basic, lemuel_coloured_pillars_altar, led_sif_pool
D:3:      layout_basic, eat_drink_and_be_merry_uskayaw, hangedman_ru_absence,
          uniq_crazy_yiuf_cottage, uniq_jessica, uniq_grinder
D:5:      layout_basic, lemuel_doored_altar, kennysheep_little_box,
          first_ration, minmay_manual_monstrance, uniq_ijyb
D:6:      layout_loops_cross, gammafunk_temple_overflow_claw,
          nicolae_overflow_hidden_temple, old_standard_altar, serial_shops,
          shop_statue, lemuel_oklob_altar

Skill      XL: |  1  2 |
---------------+-------+-----
Fighting       | 4 |  4.5
Axes           | 5 |  5.9
Armour         | |  0.3
Dodging        | |  2.4
Stealth        | |  1.5
Shields        | |  0.7

Action                   |  1- 3 |  4- 6 || total
-------------------------+-------+-------++-------
Melee: Hand axe          |   140 |    24 ||   164
Invok: Lesser Healing    |       |     1 ||     1
 Stab: Distracted        |     1 |       ||     1
  Eat: Chunk             |     3 |     2 ||     5
Armor: Robe              |     7 |       ||     7
       Scale mail        |    32 |       ||    32
       Chain mail        |    42 |    13 ||    55
Dodge: Dodged            |    63 |     8 ||    71
Block: Buckler           |       |     2 ||     2

Table legend:
 A = Non-vault XP
 B = Vault XP
 C = Vault XP percentage of total XP
 D = Non-vault monster count
 E = Vault monster count
 F = Vault count percentage of total count
                 A         B        C        D         E       F
            +---------+---------+-------+---------+---------+-------
      Total |     127 |       0 |   0.0 |      42 |       0 |   0.0
            +---------+---------+-------+---------+---------+-------
        D:1 |      40 |       0 |   0.0 |      20 |       0 |   0.0
        D:2 |      52 |       0 |   0.0 |      17 |       0 |   0.0
        D:3 |       8 |       0 |   0.0 |       3 |       0 |   0.0
        D:5 |      27 |       0 |   0.0 |       2 |       0 |   0.0
            +---------+---------+-------+---------+---------+-------
